 Dungeon Crawl Stone Soup version 0.29-a0-337-g68df138881 (webtiles) character file.

Game seed: 7661996339659079428

29757 Dauddaud the Severer (level 13, 0/177 HPs)
             Began as a Minotaur Berserker on Apr 16, 2022.
             Was a High Priest of Trog.
             Slain by an 11-headed hydra (5 damage)
             ... on level 14 of the Dungeon.
             The game lasted 00:43:04 (18058 turns).

Dauddaud the Severer (Minotaur Berserker)          Turns: 18058, Time: 00:43:05

Health: 0/177      AC: 20    Str: 32    XL:     13   Next: 16%
Magic:  4/4        EV:  9    Int:  4    God:    Trog [*****.]
Gold:   1647       SH:  0    Dex: 14    Spells: 12/12 levels left

rFire   . . .      SeeInvis .   l - +4 battleaxe (antimagic)
rCold   . . .      Faith    .   (shield currently unavailable)
rNeg    . . .      Spirit   .   L - +0 plate armour
rPois   .          Reflect  .   (helmet restricted)
rElec   .          Harm     .   D - +0 cloak
rCorr   .          Rampage  .   R - +1 pair of gloves {Dex+3}
Will    .....                   T - +0 pair of boots
Stlth   ..........              y - amulet of the acrobat
HPRegen 0.39/turn               U - +6 ring of strength
MPRegen 0.09/turn               W - +4 ring of slaying

@: berserking, very quick
A: horns 2, retaliatory headbutt
a: Renounce Religion, Berserk, Trog's Hand, Brothers in Arms


You were on level 14 of the Dungeon.
You worshipped Trog.
Trog was extremely pleased with you.
You visited 2 branches of the dungeon, and saw 15 of its levels.
You also visited: Sewer and Ice Cave.

You collected 1782 gold pieces.
You spent 135 gold pieces at shops.

Inventory:

Hand Weapons
 l - a +4 antimagic battleaxe (weapon)
 S - a +0 broad axe
Missiles
 k - 42 poisoned darts (quivered)
 E - 2 throwing nets
 I - 3 curare-tipped darts
Armour
 D - a +0 cloak (worn)
 L - a +0 plate armour (worn)
 R - a +1 pair of gloves of dexterity (worn)
 T - a +0 pair of boots (worn)
Jewellery
 n - a ring of positive energy
 y - an amulet of the acrobat (around neck)
 A - a +6 ring of dexterity
 B - a +4 ring of evasion
 H - an amulet of magic regeneration
 U - a +6 ring of strength (left hand)
 V - the ring "Xucsi" {Fire +Blink Int+2}
   (You found it in an ice cave)

   [ring of fire]

   It enhances your fire magic.
   Int:       It affects your intelligence (+2).
   rF:        It protects you from fire.
   rC:        It makes you vulnerable to cold.
   +Blink:    It lets you blink.
 W - a +4 ring of slaying (right hand)
Wands
 b - a wand of paralysis (5)
 e - a wand of iceblast (6)
 q - a wand of acid (5)
 C - a wand of flame (14)
Scrolls
 a - a scroll of silence
 c - 3 scrolls of identify
 f - 4 scrolls of fog
 j - 3 scrolls of noise
 m - 3 scrolls of torment
 o - 5 scrolls of teleportation
 p - 3 scrolls of blinking
 w - a scroll of vulnerability
 x - 2 scrolls of immolation
 F - 3 scrolls of fear
 G - 3 scrolls of enchant armour
 K - 3 scrolls of enchant weapon
 M - 2 scrolls of magic mapping
 P - a scroll of amnesia
 Z - a scroll of brand weapon {unknown}
Potions
 d - 4 potions of might
 g - 6 potions of curing
 h - 2 potions of flight {unknown}
 i - 7 potions of haste
 r - 4 potions of cancellation
 s - 5 potions of heal wounds
 t - 6 potions of degeneration {unknown}
 u - a potion of resistance {unknown}
 v - a potion of magic {unknown}
 z - 3 potions of attraction {unknown}
 J - 2 potions of mutation {unknown}
 N - a potion of berserk rage {unknown}
 O - a potion of brilliance
 Y - a potion of invisibility {unknown}
Miscellaneous
 Q - a lightning rod (4/4)
 X - a piece from Xom's chessboard (15/15)


   Skills:
 + Level 12.0 Fighting
 - Level 16.0 Axes
 + Level 11.6 Armour
 - Level 2.1 Dodging
 - Level 11.6 Evocations


You had 12 spell levels left.
You didn't know any spells.
Your spell library was empty.

Dungeon Overview and Level Annotations

Branches:
Dungeon (14/15)            Temple (0/1) D:5            Lair (1/6) D:8
    Orc (0/2) D:10          Sewer (visited)           IceCv (visited)
 Vaults: D:13-14

Altars:
Cheibriados
Dithmenos
Elyvilon
Gozag
Hepliaklqana
Kikubaaqudgha
Makhleb
Nemelex Xobeh
Qazlal
Trog
Xom
The Shining One

Shops:
D:2 ?   D:8 ([   D:12 :

Annotations:
D:14 1 transporter, flt's ghost, adept TeDe


Innate Abilities, Weirdness & Mutations

You have a pair of horns on your head.
You reflexively headbutt those who attack you in melee.


Message History

The nine-headed hydra barely misses you.
The nine-headed hydra bites you but does no damage.
The nine-headed hydra bites you!
* * * LOW HITPOINT WARNING * * *
A red film seems to cover your vision as you go berserk!
You feel yourself moving faster!
You feel mighty! The nine-headed hydra bites you.
* * * LOW HITPOINT WARNING * * *
The nine-headed hydra closely misses you. x2
The nine-headed hydra bites you.
* * * LOW HITPOINT WARNING * * *
The nine-headed hydra bites you but does no damage. x2
The nine-headed hydra closely misses you.
The nine-headed hydra bites you.
* * * LOW HITPOINT WARNING * * *
The nine-headed hydra bites you.
* * * LOW HITPOINT WARNING * * *
You chop one of the nine-headed hydra's heads off!
The eight-headed hydra grows two more!
You slash the ten-headed hydra!
The ten-headed hydra is moderately wounded.
The ten-headed hydra bites you but does no damage.
The ten-headed hydra closely misses you.
The ten-headed hydra bites you but does no damage.
The ten-headed hydra bites you!
* * * LOW HITPOINT WARNING * * *
The ten-headed hydra bites you but does no damage.
The ten-headed hydra bites you!
* * * LOW HITPOINT WARNING * * *
The ten-headed hydra bites you.
* * * LOW HITPOINT WARNING * * *
The ten-headed hydra bites you but does no damage.
The ten-headed hydra barely misses you. x2
You hack one of the ten-headed hydra's heads off!
The nine-headed hydra grows two more!
You slash the 11-headed hydra!
The 11-headed hydra is moderately wounded.
Unknown command.
You barely miss the 11-headed hydra.
The 11-headed hydra is moderately wounded.
The 11-headed hydra bites you.
You die...

##.#.........####
##...............#
...................
..........#...####
####....###...#
#.....###...#
#.....##....#####
#.......$..........
#........@.##.....#
.........D†# ##..##
/........# .##
.......... #
....#......
...###...... ..#
#....... .#
##.......


You could see a 11-headed hydra.

Vanquished Creatures
  A white draconian (IceCv)
  A boulder beetle (D:13)
  Erica (D:10)
  2 two-headed ogres
  2 skeletal warriors (D:13)
  11 ugly things
  A deep elf pyromancer (D:13)
  4 manticores
  3 cyclopes
  Maurice (D:10)
  2 ice statues (IceCv)
  6 rime drakes
  An unseen horror (D:13)
  A komodo dragon (shapeshifter) (D:8)
  2 kobold demonologists (D:10)
  A freezing wraith (D:14)
  4 trolls
  A hornet (shapeshifter) (D:13)
  9 yaks
  A shadow (D:6)
  3 wraiths
  A basilisk (D:8)
  A human (D:10)
  3 steam dragons
  3 vampire mosquitoes (D:11)
  2 wargs (D:8)
  3 acid dragons
  3 water moccasins
  3 ice beasts
  6 orc warriors
  A sky beast (D:6)
  3 ogres
  A wolf (D:9)
  5 centaurs
  2 phantoms (D:5)
  11 kobold brigands
  A bullfrog (D:7)
  2 gnoll sergeants
  5 scorpions
  A hornet simulacrum (D:9)
  8 killer bees
  3 lindwurm simulacra (IceCv)
  A howler monkey (D:9)
  5 komodo dragon simulacra (IceCv)
  A jelly (D:6)
  4 hounds
  Crazy Yiuf (D:5)
  A gnoll shaman (D:7)
  7 orc priests
  2 iguanas
  14 orc wizards
  A centaur simulacrum (D:9)
  21 gnolls
  9 acid dragon simulacra (IceCv)
  5 adders
  A river rat (D:4)
  A shadow imp (D:7)
  2 white imps
  3 ufetubi
  4 steam dragon simulacra (IceCv)
  A worm (D:4)
  2 dart slugs
  36 orcs
  9 ball pythons
  5 bats
  4 bat zombies (D:9)
  13 endoplasms
  6 giant cockroaches
  3 goblins
  2 hobgoblins
  3 jackals (D:1)
  2 quokkas
  4 frilled lizards
  37 kobolds
  7 rats
  2 rat zombies (D:9)
345 creatures vanquished.

Vanquished Creatures (collateral kills)
  A hydra (D:13)
  A death knight (D:13)
  3 two-headed ogres (D:10)
  Lodul (D:10)
  2 phantasmal warriors (D:13)
  A shadow (D:10)
  A steam dragon (D:10)
  An ogre (D:10)
11 creatures vanquished.

Vanquished Creatures (others)
  A fungus (Sewer)
  3 plants (Sewer)
4 creatures vanquished.

Grand Total: 360 creatures vanquished

Notes
Turn   | Place    | Note
-------+----------+-------------------------------------------
     0 | D:1      | Dauddaud the Minotaur Berserker began the quest for the
                  | Orb.
     0 | D:1      | Reached XP level 1. HP: 19/19 MP: 0/0
     2 | D:1      | Noticed a merfolk
     2 | D:1      | Noticed a felid
     4 | D:1      | Noticed a dwarf
     4 | D:1      | Noticed a spriggan
     6 | D:1      | Noticed a naga
     8 | D:1      | Noticed a vampire
     8 | D:1      | Noticed a vine stalker
    10 | D:1      | Noticed a draconian
    12 | D:1      | Noticed a demonspawn
    15 | D:1      | Noticed a troll
    15 | D:1      | Noticed a formicid
    17 | D:1      | Noticed an ogre
    19 | D:1      | Noticed a gargoyle
    19 | D:1      | Noticed a minotaur
    21 | D:1      | Noticed a tengu
    21 | D:1      | Noticed a demigod
    23 | D:1      | Noticed a human
    23 | D:1      | Noticed an octopode
    25 | D:1      | Noticed a ghoul
    27 | D:1      | Noticed an elf
   103 | D:1      | Reached skill level 4 in Axes
   246 | D:1      | Reached XP level 2. HP: 16/26 MP: 1/1
   741 | D:1      | Reached skill level 5 in Axes
  1042 | D:2      | Reached XP level 3. HP: 31/31 MP: 2/2
  1057 | D:2      | Found a snail-covered altar of Cheibriados.
  1278 | D:2      | Found Lamuagur's Magic Scroll Shoppe.
  1281 | D:2      | Bought a scroll of teleportation for 39 gold pieces
  1281 | D:2      | Bought a scroll of identify for 26 gold pieces
  1281 | D:2      | Bought a scroll of identify for 26 gold pieces
  1292 | D:2      | Reached ** piety under Trog
  1720 | D:3      | Found a burning altar of Makhleb.
  1747 | D:3      | Reached XP level 4. HP: 37/39 MP: 3/3
  1782 | D:3      | Reached skill level 6 in Axes
  1816 | D:3      | Found a stormy altar of Qazlal.
  2182 | D:4      | Found a shadowy altar of Dithmenos.
  2189 | D:4      | Noticed a scorpion
  2200 | D:4      | Killed a scorpion
  2201 | D:4      | Reached skill level 7 in Axes
  2201 | D:4      | Reached XP level 5. HP: 40/45 MP: 4/4
  2257 | D:4      | Noticed a steam dragon
  2274 | D:4      | Killed a steam dragon
  2275 | D:4      | Reached skill level 8 in Axes
  2275 | D:4      | Reached XP level 6. HP: 12/51 MP: 5/5
  2692 | D:4      | Reached skill level 9 in Axes
  2777 | D:4      | Found a glowing drain.
  2790 | Sewer    | Entered a sewer
  2845 | Sewer    | Reached *** piety under Trog
  3525 | D:4      | Reached XP level 7. HP: 55/57 MP: 6/6
  3598 | D:4      | Reached skill level 10 in Axes
  4069 | D:4      | Reached skill level 11 in Axes
  4272 | D:5      | Entered Level 5 of the Dungeon
  4275 | D:5      | Found a bloodstained altar of Trog.
  4424 | D:5      | Found a staircase to the Ecumenical Temple.
  4522 | D:5      | Reached XP level 8. HP: 60/64 MP: 7/7
  4926 | D:5      | Reached **** piety under Trog
  5085 | D:5      | Found a runed translucent door.
  5086 | D:5      | Noticed Crazy Yiuf
  5093 | D:5      | Killed Crazy Yiuf
  5208 | D:6      | Reached skill level 12 in Axes
  5379 | D:6      | Reached skill level 13 in Axes
  6291 | D:7      | Reached skill level 1 in Evocations
  6563 | D:7      | Reached skill level 14 in Axes
  6606 | D:7      | Reached XP level 9. HP: 52/70 MP: 8/8
  7453 | D:7      | Found a white marble altar of Elyvilon.
  7634 | D:8      | Found a staircase to the Lair.
  7656 | D:8      | Reached skill level 15 in Axes
  7924 | D:8      | Found Cuckeydd's Antique Armour Shop.
  7984 | D:8      | Reached ***** piety under Trog
  8353 | D:8      | Found an opulent altar of Gozag.
  8353 | D:8      | Found a glowing golden altar of the Shining One.
  8355 | D:8      | Found a shadowy altar of Dithmenos.
  8355 | D:8      | Found a snail-covered altar of Cheibriados.
  8569 | D:8      | Noticed a komodo dragon
  8579 | D:8      | Killed a komodo dragon
  8580 | D:8      | Reached skill level 16 in Axes
  8580 | D:8      | Reached XP level 10. HP: 63/77 MP: 9/9
  8653 | D:8      | Reached skill level 5 in Evocations
  9123 | D:8      | Found Lalokki's Weapon Boutique.
  9130 | D:8      | Bought a +0 broad axe for 44 gold pieces
  9433 | Lair:1   | Entered Level 1 of the Lair of Beasts
  9711 | D:9      | Found a sparkling altar of Nemelex Xobeh.
 10144 | D:9      | Found an ancient bone altar of Kikubaaqudgha.
 10335 | D:9      | Found a shimmering altar of Xom.
 10336 | D:9      | Found a hazy altar of Hepliaklqana.
 10336 | D:9      | Noticed a manticore
 10502 | D:10     | Entered Level 10 of the Dungeon
 10551 | D:10     | Noticed an orange demon
 10815 | D:10     | Noticed a two-headed ogre
 10816 | D:10     | Noticed Lodul
 10816 | D:10     | Noticed a two-headed ogre
 10816 | D:10     | Noticed a two-headed ogre
 10816 | D:10     | Noticed a two-headed ogre
 10890 | D:10     | Noticed Erica
 10909 | D:10     | Killed Erica
 11446 | D:10     | Noticed Maurice
 11461 | D:10     | Paralysed by a kobold brigand for 6 turns
 11471 | D:10     | Received a gift from Trog
 11852 | D:10     | Reached XP level 11. HP: 81/82 MP: 10/10
 11903 | D:10     | Killed Maurice
 11958 | D:10     | Found a staircase to the Orcish Mines.
 11969 | D:10     | Killed a two-headed ogre
 11970 | D:10     | Reached skill level 10 in Evocations
 11970 | D:10     | Killed a two-headed ogre
 11973 | D:10     | Killed a two-headed ogre
 11974 | D:10     | Killed Lodul
 11980 | D:10     | Killed a two-headed ogre
 12605 | D:10     | You fall into a shaft and drop 1 floor!
 13172 | D:11     | Reached skill level 5 in Fighting
 13373 | D:11     | Reached skill level 5 in Armour
 13552 | D:12     | Noticed a two-headed ogre
 13552 | D:12     | Found Zino's Book Emporium.
 13558 | D:12     | Killed a two-headed ogre
 13753 | D:12     | Found a frozen archway.
 13766 | IceCv    | Entered an ice cave
 13913 | IceCv    | Reached XP level 12. HP: 100/100 MP: 3/11
 14746 | IceCv    | Noticed a white draconian
 14768 | IceCv    | Killed a white draconian
 15079 | IceCv    | Identified the ring "Xucsi" {Fire +Blink Int+2}
 16324 | D:13     | Noticed a boulder beetle
 16334 | D:13     | Killed a boulder beetle
 16352 | D:13     | Noticed an eight-headed hydra
 16477 | D:13     | Noticed a death knight
 16572 | D:13     | Reached skill level 10 in Fighting
 16577 | D:13     | Killed a death knight
 16580 | D:13     | Reached skill level 10 in Armour
 16837 | D:13     | Killed a nine-headed hydra
 17354 | D:14     | Reached XP level 13. HP: 98/116 MP: 4/12
 18001 | D:14     | Found a transporter.
 18005 | D:14     | Noticed flt's ghost (adept TeDe)
 18008 | D:14     | Noticed an iron dragon
 18056 | D:14     | HP: 5/177 [ten-headed hydra (10)]
 18058 | D:14     | Slain by an 11-headed hydra

Illustrated notes

Levels and vault maps discovered:
D:1:      kb_arrival_jail, layout_basic
D:2:      layout_basic, serial_shops, shop, basic_altar
D:3:      layout_rooms, lemuel_round_altar, nicolae_qazlal_general_emergency
D:4:      layout_loops_ring, nicolae_dithmenos_the_darkroom,
          cheibrodos_sewer_entry_sluice, st_stairs_6
D:5:      layout_gridville, mainiacjoe_overflow_cross_hatched,
          minmay_temple_entry_wispy, amcnicky_mini_pool_small,
          uniq_crazy_yiuf_cottage
D:6:      layout_cave_pods
D:7:      layout_gridville, elyvilon_altar_3
D:8:      minmay_the_grid_octo_triangle [minmay_the_grid_octo_shrine,
          minmay_the_grid_octo_prize_single_spiral,
          minmay_the_grid_octo_pinwheel], layout_loops_corners,
          erik_lair_orcish_takeover, serial_shops, shop, shop
D:9:      layout_gridville, regret_index_temple_of_mockery,
          mainiacjoe_overflow_brackets, lemuel_zombie_altar_kikubaaqudgha,
          serial_ice, serial_ice_n, serial_ice_l, serial_ice_e, serial_ice_d,
          serial_ice_h, serial_ice_a, serial_ice_o
D:10:     layout_basic, erik_orc_4, grunt_ministairs_15, uniq_erica,
          uniq_maurice, uniq_lodul
D:11:     layout_cave_pools
D:12:     layout_long_grid, serial_shops, nicolae_stop_n_shop_1,
          portal_ice_cave_rime, hangedman_decor_slide_cut
D:13:     layout_roguey
D:14:     layout_layer_cave, lightli_vaults_fourway_checkpoint,
          gammafunk_ghost_berserking_beasts, minmay_fountain_box
Lair:1:   lemuel_ratsnest, layout_layer_cave, serial_bayou_crossing

Skill      XL: |  1  2  3  4  5  6  7  8  9 10 11 12 13 |
---------------+----------------------------------------+-----
Axes           | 4 5 7 8 9 11 14 16 | 16.0
Evocations     | 1 4 9 11 | 11.6
Fighting       | 7 11 12 | 12.0
Armour         | 6 11 | 11.6
Dodging        | |  2.1

Action                   |  1- 3 |  4- 6 |  7- 9 | 10-12 | 13-15 || total
-------------------------+-------+-------+-------+-------+-------++-------
Melee: Hand axe          |    74 |   139 |   147 |       |       ||   360
       Headbutt          |     6 |    29 |    60 |    95 |     6 ||   196
       Punch             |     2 |       |     6 |       |       ||     8
       War axe           |       |       |   192 |    19 |       ||   211
       Broad axe         |       |       |       |   173 |       ||   173
       Battleaxe         |       |       |       |   216 |    33 ||   249
Throw: Dart              |       |       |       |     2 |       ||     2
Invok: Berserk           |       |     1 |     3 |     7 |     1 ||    12
       Trog's Hand       |       |       |     1 |     1 |       ||     2
       Brothers in Arms  |       |       |       |     3 |     1 ||     4
Evoke: Wand              |       |       |       |    17 |       ||    17
  Use: Scroll            |     2 |     2 |     6 |     9 |       ||    19
       Potion            |       |       |     5 |     4 |     1 ||    10
 Stab: Sleeping          |     2 |       |       |       |       ||     2
Armor: Animal skin       |    11 |       |       |       |       ||    11
       Chain mail        |     9 |    72 |    64 |       |       ||   145
       Scale mail        |     2 |       |       |       |       ||     2
       Plate armour      |       |       |    32 |   173 |    31 ||   236
Dodge: Dodged            |    38 |    59 |   159 |   230 |    21 ||   507

Table legend: (Time is in decaauts)
 A = Elapsed time spent in this place.
 B = Non-inter-level travel time spent in this place.
 C = Inter-level travel time spent in this place.
 D = Time resting spent in this place.
 E = Time spent auto-exploring this place.
 F = Levels seen in this place.
 G = Mean time per level.
                   A        B        C        D        E       F      G
               +--------+--------+--------+--------+--------+-----+--------+
         Total |  18038 |  17490 |    548 |   5675 |   9509 |  17 | 1061.1 |
       Dungeon |  15881 |  15333 |    548 |   4232 |   9079 |  14 | 1134.4 |
          Lair |      1 |      1 |      0 |      0 |      0 |   1 |    1.0 |
         Sewer |    738 |    738 |      0 |    473 |    157 |   1 |  738.0 |
      Ice Cave |   1417 |   1417 |      0 |    969 |    273 |   1 | 1417.0 |
               +--------+--------+--------+--------+--------+-----+--------+

Top non-repeatable levels by time:
     D:8: 1875 daAuts
    D:10: 1871 daAuts
     D:9: 1614 daAuts
   IceCv: 1417 daAuts
     D:4: 1368 daAuts
     D:6: 1353 daAuts
    D:12: 1313 daAuts
    D:13: 1059 daAuts
     D:7: 1010 daAuts
     D:1: 916 daAuts
     D:5: 907 daAuts
   Sewer: 738 daAuts
    D:14: 718 daAuts
     D:3: 645 daAuts
     D:2: 616 daAuts
